 Dungeon Crawl Stone Soup version 0.22.0-6-g71bd7aa (webtiles) character file.

959 Loudmushroom the Chopper (level 7, -2/63 HPs)
             Began as a Minotaur Berserker on Aug 14, 2018.
             Was a Believer of Trog.
             Slain by a phantom (4 damage)
             ... on level 5 of the Dungeon.
             The game lasted 00:21:25 (4629 turns).

Loudmushroom the Chopper (Minotaur Berserker)       Turns: 4629, Time: 00:21:26

Health: -2/63      AC: 13    Str: 22    XL:     7   Next: 91%
Magic:  6/6        EV: 10    Int:  4    God:    Trog [**....]
Gold:   268        SH:  0    Dex: 11    Spells: 6/6 levels left

rFire    . . .     SeeInvis .   a - +1 hand axe
rCold    . . .     Gourm    +   (no shield)
rNeg     + . .     Faith    .   f - +0 chain mail
rPois    .         Spirit   .   (helmet restricted)
rElec    .         Reflect  .   (no cloak)
rCorr    .         Harm     .   (no gloves)
MR       .....                  z - +2 pair of boots
Stlth    ..........             x - amulet of the gourmand
HPRegen  0.20/turn              y - ring of positive energy
MPRegen  0.10/turn              (no ring)

@: berserk cooldown, slowed, very slow
A: retaliatory headbutt, horns 2
a: Berserk, Trog's Hand, Renounce Religion


You were on level 5 of the Dungeon.
You worshipped Trog.
Trog was pleased with you.
You were full.

You visited 1 branch of the dungeon, and saw 5 of its levels.

You collected 268 gold pieces.

Inventory:

Hand Weapons
 a - a +1 hand axe (weapon)
 b - a +0 hunting sling
Missiles
 d - 11 poisoned needles
 e - 114 arrows
 g - 124 stones (quivered)
 o - 20 sling bullets
 A - 28 bolts
Armour
 f - a +0 chain mail (worn)
 z - a +2 pair of boots (worn)
Jewellery
 x - an amulet of the gourmand (around neck)
 y - a ring of positive energy (left hand)
Wands
 t - a wand of digging (6)
 w - a wand of paralysis (3)
Scrolls
 i - 2 scrolls of enchant weapon
 m - 3 scrolls of teleportation
 n - a scroll of identify
Potions
 q - a potion of agility
 r - 2 potions of mutation
 s - a potion of heal wounds
 v - 2 potions of curing
Comestibles
 c - 5 rations


   Skills:
 + Level 6.0 Fighting
 * Level 7.8 Axes
 + Level 5.3 Armour
 + Level 4.9 Dodging


You had 6 spell levels left.
You didn't know any spells.
Your spell library was empty.

Dungeon Overview and Level Annotations

Branches:
Dungeon (5/15)             Temple (0/1) D:4

Altars:
Ru

Shops:
D:5 ?


Innate Abilities, Weirdness & Mutations

You reflexively headbutt those who attack you in melee.
You have a pair of horns on your head.


Message History

The phantom blinks!
The ogre hits you with a giant club.
You can move again.
Things that are here:
a chain mail; 4 poisoned needles; an orc corpse You slash the ogre!
The ogre is almost dead.
The ogre hits you with a giant club!
* * * LOW HITPOINT WARNING * * *
You barely miss the ogre.
You headbutt the ogre, but do no damage.
The ogre is almost dead.
The ogre barely misses you. You furiously retaliate!
You headbutt the ogre.
You kill the ogre!
Trog accepts your kill.
Your Fighting skill increases to level 6!
The phantom hits you.
* * * LOW HITPOINT WARNING * * *
The phantom blinks!
The phantom hits you.
You die...

#.##.......####......
##.##.................
#.....####............
#.##.## ##.#####.....
#.##.# #.# #.....
#.##.# #.. #.....
#....## #### ##....
#.#..W# #####
#.#.#@###.+ #
#..##[)['# #..#.%ยง$(#
##.#..(..# #.#..?..#
##!..## #####


You could see a phantom.

Vanquished Creatures
  4 ogres
  A centaur (D:5)
  A water moccasin zombie (D:5)
  A scorpion (D:4)
  A water moccasin skeleton (D:5)
  A howler monkey (D:4)
  3 hounds
  An iguana (D:4)
  Natasha (thrice) (D:2)
  A worker ant zombie (D:5)
  3 adders
  3 gnolls (D:3)
  An ooze (D:1)
  3 adder skeletons
  3 dart slugs
  A leopard gecko (D:3)
  2 orcs (D:5)
  6 giant cockroaches
  7 hobgoblins
  7 jackals
  2 quokkas
  4 bats
  6 frilled lizards
  13 goblins
  2 kobolds
  4 rats
84 creatures vanquished.

Notes
Turn   | Place    | Note
-------+----------+-------------------------------------------
     0 | D:1      | Loudmushroom the Minotaur Berserker began the quest for the Orb.
     0 | D:1      | Reached XP level 1. HP: 19/19 MP: 0/0
   115 | D:1      | Reached XP level 2. HP: 11/27 MP: 1/1
   313 | D:1      | Reached skill level 4 in Axes
   998 | D:2      | Reached XP level 3. HP: 17/33 MP: 2/2
  1448 | D:2      | Reached ** piety under Trog
  1686 | D:2      | Noticed Natasha
  1692 | D:2      | Killed Natasha
  1692 | D:2      | Reached XP level 4. HP: 33/40 MP: 3/3
  1915 | D:2      | Noticed Natasha
  1925 | D:2      | Killed Natasha
  1925 | D:2      | Reached skill level 5 in Axes
  1932 | D:2      | Noticed Natasha
  1941 | D:2      | Killed Natasha
  1941 | D:2      | Reached XP level 5. HP: 17/47 MP: 4/4
  2427 | D:3      | Noticed an ogre
  2434 | D:3      | Killed an ogre
  2532 | D:3      | Found a sacrificial altar of Ru.
  3018 | D:3      | Reached XP level 6. HP: 55/55 MP: 5/5
  3216 | D:4      | Reached skill level 5 in Fighting
  3216 | D:4      | Reached skill level 6 in Axes
  3989 | D:4      | Found a staircase to the Ecumenical Temple.
  4044 | D:5      | Entered Level 5 of the Dungeon
  4346 | D:5      | Reached XP level 7. HP: 58/61 MP: 6/6
  4523 | D:5      | Found Leegg's Magic Scroll Shoppe.
  4605 | D:5      | Reached skill level 7 in Axes
  4609 | D:5      | Reached skill level 5 in Armour
  4628 | D:5      | HP: 2/63 [phantom (4)]
  4629 | D:5      | Slain by a phantom

Skill      XL: |  1  2  3  4  5  6  7 |
---------------+----------------------+-----
Axes           | 4 5 6 7 |  7.8
Fighting       | 4 5 6 |  6.0
Armour         | 3 4 5 |  5.3
Dodging        | 3 4 |  4.9

Action                   |  1- 3 |  4- 6 |  7- 9 || total
-------------------------+-------+-------+-------++-------
Melee: Hand axe          |    85 |   123 |    24 ||   232
       Headbutt          |    12 |    16 |     7 ||    35
 Fire: Hunting sling     |       |     4 |       ||     4
Invok: Berserk           |       |     2 |     1 ||     3
  Use: Scroll            |       |    15 |       ||    15
  Eat: Chunk             |     2 |     5 |     6 ||    13
       Ration            |       |     2 |       ||     2
Armor: Scale mail        |    32 |    41 |     3 ||    76
       Chain mail        |       |       |     6 ||     6
Dodge: Dodged            |    44 |    73 |     8 ||   125
